Map: New Gettysburg LE

Players

Nickos - Winner!

  • Race: Terran Terran
  • League: Gold

BLooDMaNTiZ

  • Race: Zerg Zerg

VOD

Have the link to the VOD?

Description

Time

  • Played on: Sept. 15, 2016, 10 a.m.
  • Length: 11:10
Show
View Real Time Build Order
Export as new Build Order

Nickos Terran - Winner!

Build Orders: MMM Bio 

Get SALT Encoding   

  12  0:02  SCV  
  13  0:14  SCV  
  13  0:18  Supply Depot  
  14  0:26  SCV  
  15  0:40  SCV  
  15  0:41  Barracks  
  16  0:52  SCV  
  17  1:04  SCV  
  18  1:16  SCV  
  19  1:22  Command Center  
  19  1:29  Marine  
  20  1:39  Supply Depot  
  20  1:42  Orbital Command  
  20  1:48  Marine  
  21  1:56  Barracks  
  21  2:06  Marine  
  22  2:11  SCV  
  23  2:23  Barracks  
  23  2:24  Marine  
  23  2:26  SCV  
  25  2:36  Bunker  
  25  2:39  Orbital Command, SCV  
  25  2:42  Marine  
  27  2:44  Marine  
  27  2:49  Refinery  
  27  2:51  SCV  
  29  2:52  Refinery  
  29  2:59  Marine  
  29  3:02  Marine  
  29  3:03  SCV  
  32  3:06  SCV  
  33  3:15  SCV  
  33  3:18  Marine  
  35  3:20  Marine  
  35  3:23  Barracks Tech Lab  
  36  3:33  SCV x2  
  38  3:37  Marine  
  39  3:45  SCV x2  
  41  3:49  Stimpack  
  41  3:54  Barracks Reactor  
  41  3:57  SCV  
  41  3:58  SCV  
  41  3:59  Barracks Reactor  
  43  4:05  Marine  
  43  4:09  SCV  
  45  4:12  SCV  
  45  4:15  Supply Depot  
  46  4:18  Factory  
  46  4:35  Supply Depot  
  46  4:36  SCV x2, Marine x2  
  46  4:37  Marine x3  
  53  4:48  SCV  
  53  4:52  Supply Depot  
  54  4:54  Engineering Bay x2  
  54  4:55  Refinery  
  54  4:57  SCV, Marine x2  
  55  5:13  Marine x3  
  58  5:14  Factory Reactor, Marine  
  58  5:15  Starport  
  58  5:17  SCV  
  58  5:18  SCV  
  61  5:24  Barracks  
  61  5:25  Engineering Bay, Supply Depot  
  61  5:27  Engineering Bay  
  61  5:30  Terran Infantry Weapons Level 1, SCV x2  
  61  5:31  Terran Infantry Armor Level 1  
  61  5:32  Marine x2  
  61  5:33  Marine x3  
  68  5:47  SCV x2  
  70  5:50  Marine x3  
  70  5:51  Marine x2  
  74  5:59  SCV x2  
  61  6:08  Marine  
  62  6:13  SCV x2  
  62  6:17  Barracks Reactor  
  64  6:18  Marine  
  64  6:19  Marine x2  
  64  6:25  Medivac, SCV x2  
  70  6:26  Command Center  
  70  6:32  Marine  
  72  6:33  Medivac  
  72  6:37  Marauder, SCV  
  72  6:38  Marine, SCV  
  78  6:48  Armory  
  78  7:00  Marine x6  
  84  7:03  Supply Depot  
  84  7:04  Supply Depot  
  85  7:08  SCV x2  
  85  7:09  Marine  
  85  7:14  Medivac  
  89  7:16  Medivac  
  89  7:20  SCV  
  89  7:22  Combat Shields  
  92  7:40  Marine x2  
  92  7:41  Marine x5  
  99  7:46  Medivac  
  101  7:53  Medivac  
  101  7:56  Supply Depot  
  101  7:58  Marine x3  
  106  8:09  Marine x2  
  106  8:10  Marine x2  
  110  8:16  Medivac, Marine x2  
  114  8:27  Planetary Fortress, SCV x2  
  115  8:28  Marine x3  
  115  8:29  Marine x2  
  121  8:45  Marine x2  
  121  8:46  Medivac x2, Marine x2  
  121  8:47  Marine x3  
  132  8:59  Barracks x2  
  132  9:00  Barracks  
  132  9:03  Marine  
  133  9:33  Marine  
  133  9:37  Medivac, SCV x3, Marine x5  
  133  9:38  Supply Depot  
  138  9:39  Supply Depot  
  129  9:57  Marine x3  
  129  9:58  Marine x4  
  118  10:01  Barracks Reactor x3  
  118  10:15  Marine x4  
  118  10:16  Supply Depot, Marine x2  
  118  10:17  Supply Depot  
  124  10:26  Marine  
  125  10:33  Marine x4  
  127  10:38  Marine x4  
  127  10:39  Marine x3  
Show
View Real Time Build Order
Export as new Build Order

BLooDMaNTiZ Zerg 

Build Orders: Pool First 

Get SALT Encoding   

  12  0:02  Drone  
  13  0:10  Drone  
  14  0:15  Extractor  
  14  0:17  Drone  
  14  0:27  Overlord  
  14  0:50  Spawning Pool  
  14  0:53  Drone x2  
  14  0:56  Drone  
  16  1:10  Drone  
  17  1:16  Drone  
  18  1:44  Drone x2  
  20  1:49  Queen  
  22  1:58  Metabolic Boost  
  22  2:05  Overlord  
  22  2:07  Hatchery  
  21  2:19  Drone  
  22  2:23  Baneling Nest  
  22  2:25  Drone  
  22  2:26  Drone  
  23  2:32  Drone  
  24  2:42  Roach Warren  
  23  2:48  Evolution Chamber  
  22  2:52  Pneumatized Carapace  
  22  2:57  Extractor  
  21  3:01  Drone x3  
  21  3:04  Drone  
  25  3:30  Zergling x2  
  25  3:31  Zergling x8  
  30  3:35  Overlord  
  30  3:39  Lair  
  30  4:18  Overlord  
  30  4:22  Baneling x3  
  30  4:23  Baneling x7  
  30  4:26  Queen  
  30  4:27  Drone x2  
  34  4:40  Glial Reconstitution  
  34  4:42  Centrifical Hooks  
  29  5:15  Zergling x14  
  29  5:16  Zergling x2  
  29  5:19  Queen  
  39  5:30  Drone x3  
  42  5:37  Baneling x4  
  42  5:38  Baneling x2  
  42  5:47  Drone  
  43  5:54  Queen  
  44  5:59  Roach  
  41  6:21  Hatchery  
  40  6:46  Drone  
  40  6:47  Drone x2  
  43  6:49  Overlord x3  
  43  6:51  Hatchery  
  43  6:57  Evolution Chamber  
  42  7:03  Infestation Pit  
  41  7:17  Queen  
  41  7:21  Drone x5  
  41  7:22  Drone  
  49  7:25  Extractor  
  49  7:27  Extractor  
  47  7:42  Drone  
  48  7:53  Queen  
  50  8:06  Drone  
  50  8:07  Drone  
  50  8:08  Drone x2  
  54  8:19  Hive  
  54  8:38  Spore Crawler  
  54  8:40  Spine Crawler  
  52  8:44  Zerg Ground Armor Level 1  
  52  8:45  Zerg Melee Weapons Level 1  
  52  8:47  Pathogen Glands  
  52  9:08  Hatchery  
  52  9:09  Zergling x2  
  53  9:10  Zergling x14  
  53  9:11  Zergling x14  
  53  9:16  Overlord x3  
  66  9:25  Overlord x2  
  66  9:26  Overlord  
  66  9:29  Baneling x5  
  66  9:30  Baneling x7  
  66  9:31  Baneling x7  
  64  9:32  Baneling  
  47  10:01  Zergling x10  
  47  10:02  Zergling x10  
  47  10:03  Zergling x8  
  61  10:23  Hatchery  
  61  10:24  Baneling x4  
  61  10:25  Baneling x2  
  53  10:44  Zergling x6  
  53  10:45  Zergling x10  
Tags
 
Composition
MMM Bio
League
Gold
Matchup
TvZ
Opening
Pool First
Replay Pack
Nickos replay
Add a new tag
Caveats
  • Supply blocks, unpowered buildings, or Contaminate may cause inaccurate times.
  • Supply counts are checked every 10 seconds.